 Dungeon Crawl Stone Soup version 0.31.0-9-g3a7656b989 (webtiles) character file.

Game seed: 9594290290414749961

507 qw the Skirmisher (level 6, -3/35 HPs)
             Began as a Deep Elf Hunter on Feb 2, 2024.
             Slain by a black bear (5 damage)
             ... on level 5 of the Dungeon.
             The game lasted 00:00:15 (4023 turns).

qw the Skirmisher (Deep Elf Hunter)                 Turns: 4023, Time: 00:00:16

Health: -3/35      AC:  7    Str: 10    XL:     6   Next: 97%
Magic:  8/8        EV: 11    Int: 14    God:
Gold:   266        SH:  0    Dex: 18    Spells: 5/5 levels left

rFire   + . .        a - +1 shortbow
rCold   . . .        (shield currently unavailable)
rNeg    . . .        f - +1 ring mail {rF+}
rPois   .            (no helmet)
rElec   .            b - +0 cloak
rCorr   .            (no gloves)
SInv    .            (no boots)
Will    .....        (no amulet)
Stlth   +            (no ring)
HPRegen 0.25/turn    (no ring)
MPRegen 0.11/turn

%: no passive effects
@: about to teleport
A: no striking features
a: no special abilities


You were on level 5 of the Dungeon.
You visited 1 branch of the dungeon, and saw 5 of its levels.

You collected 266 gold pieces.


   Skills:
 - Level 2.0 Fighting
 + Level 10.1 Ranged Weapons
 - Level 1.0 Armour
 - Level 3.7 Dodging
 - Level 1.2 Stealth


You had 5 spell levels left.
You didn't know any spells.
Your spell library was empty.

Inventory:

Hand Weapons
 a - a +1 shortbow (weapon)
Armour
 b - a +0 cloak (worn)
 f - a +1 ring mail of fire resistance (worn)
Scrolls
 g - a scroll of teleportation
Potions
 c - a potion of enlightenment
 k - a potion of resistance

Dungeon Overview and Level Annotations

Branches:
Dungeon (5/15)
 Temple: D:4-7

Altars:
Dithmenos
Elyvilon
Fedhas
Gozag
Hepliaklqana
Kikubaaqudgha
Nemelex Xobeh
Vehumet
Xom
Yredelemnul
The Shining One

Shops:
D:1 =


Message History

The black bear bites you. The black bear barely misses you.
The black bear claws you but does no damage.
You shoot an arrow.
The arrow closely misses the black bear.
The black bear bites you. The black bear misses you.
The black bear barely misses you.
You shoot an arrow. The arrow hits the black bear.
The black bear is heavily wounded.
The black bear bites you but does no damage.
The black bear claws you but does no damage. x2
You shoot an arrow. The arrow hits the black bear.
The black bear is severely wounded.
The black bear bites you but does no damage.
The black bear claws you but does no damage. x2
You shoot an arrow. The arrow hits the black bear.
The black bear is severely wounded.
The black bear goes berserk!
You shoot an arrow. The arrow hits the black bear.
The black bear is severely wounded.
The black bear bites you but does no damage.
The black bear claws you but does no damage.
The black bear claws you. The black bear bites you.
The black bear barely misses you.
The black bear claws you but does no damage.
You shoot an arrow. The arrow barely misses the black bear.
The black bear bites you! The black bear claws you.
The black bear claws you but does no damage.
You shoot an arrow. The arrow hits the black bear!
The black bear is almost dead.
The black bear barely misses you. The black bear claws you. x2
The black bear bites you. The black bear closely misses you.
The black bear barely misses you.
4022 ||| READING 2 scrolls of teleportation.
As you read the scroll of teleportation, it crumbles to dust.
You feel strangely unstable. The black bear misses you.
The black bear barely misses you. The black bear closely misses you.
You shoot an arrow. The arrow barely misses the black bear.
The black bear bites you.
You die...

...###.... .. ..#.....#
.##. ..#.....## ....
#.......# .....
#.......#
#..#..#..#.#..###
#....#.........#
#........).#.#.#
##.####.#@#####.#.#
#...........h..##...###
#.........#...?###....#
#......#..#..#.#....#.#
#.........#...####..#.#
#........########.....#
#.............%...##..#
#.........####..### #.#
#.<........####.... ##


You could see a black bear (berserk).

Vanquished Creatures
  3 scorpions (D:4)
  A howler monkey (D:4)
  A bombardier beetle (D:4)
  2 hounds (D:4)
  An iguana (D:5)
  4 gnolls (D:2)
  5 adders
  3 dart slugs
  3 ribbon worms
  An orc (D:3)
  5 ball pythons
  7 bats
  8 endoplasms
  3 giant cockroaches
  6 goblins
  12 hobgoblins
  4 jackals
  6 kobolds
  5 quokkas
  5 frilled lizards
  6 rats
91 creatures vanquished.

Notes
Turn   | Place    | Note
-------+----------+-------------------------------------------
     0 | D:1      | qw the Deep Elf Hunter began the quest for the Orb.
     0 | D:1      | Reached XP level 1. HP: 12/12 MP: 3/3
     0 | D:1      | 0 ||| qw: Version: 0.3-a-155-g5e7d8dd
     0 | D:1      | 0 ||| qw: Game counter: 605
     0 | D:1      | 0 ||| qw: Melee chars always use a shield: true
     0 | D:1      | 0 ||| qw: God list: Okawaru
     0 | D:1      | 0 ||| qw: Allow faded altars: false
     0 | D:1      | 0 ||| qw: Do Orc after clearing Dungeon:15 true
     0 | D:1      | 0 ||| qw: Do second Lair branch before Depths: true
     0 | D:1      | 0 ||| qw: Lair rune preference: random
     0 | D:1      | 0 ||| qw: Goals: Normal
     0 | D:1      | 0 ||| PLANNING D:1-11
    35 | D:1      | Found Alodet's One-of-a-Kind Rings.
    44 | D:1      | 44 ||| SHOPLISTING +1 ring of slaying (78 gold, have 0).
    44 | D:1      | 44 ||| SHOPLISTING +3 ring of dexterity (130 gold, have 0).
    44 | D:1      | 44 ||| SHOPLISTING +3 ring of evasion (130 gold, have 0).
    44 | D:1      | 44 ||| SHOPLISTING +9 ring of dexterity (1014 gold, have
                  | 0).
    44 | D:1      | 44 ||| SHOPLISTING ring "Dotzean" {^Contam rElec rCorr
                  | Int+6 Slay+2} (759 gold, have 0).
    44 | D:1      | 44 ||| SHOPLISTING ring "Lapnomam" {*Slow rElec rC+ Int+2}
                  | (488 gold, have 0).
   158 | D:1      | Reached skill level 6 in Ranged Weapons
   158 | D:1      | Reached XP level 2. HP: 16/16 MP: 4/4
   666 | D:1      | Reached XP level 3. HP: 20/20 MP: 5/5
  1063 | D:1      | 1063 ||| UPGRADING to +0 ring mail.
  1073 | D:1      | 1073 ||| DROPPING +0 leather armour.
  1074 | D:1      | 1074 ||| READING scroll labelled OFIL BUEDGHOAPH.
  1075 | D:1      | 1075 ||| READING scroll labelled CEIFFE GUGI.
  1114 | D:1      | 1114 ||| READING scroll labelled HERORO LUJA.
  1114 | D:1      | 1114 ||| IDENTIFYING bubbling orange potion
  1115 | D:1      | 1115 ||| READING scroll labelled QAEJUC ICZE.
  1216 | D:1      | 1216 ||| READING scroll labelled IBLUUH KOIMAVEXT.
  1219 | D:1      | 1219 ||| READING scroll labelled CURCHA ZAON.
  1219 | D:1      | 1219 ||| ENCHANTING +0 shortbow.
  1220 | D:1      | 1220 ||| READING scroll labelled YGOSKA OTUWN.
  1221 | D:1      | 1221 ||| READING scroll labelled QEWIMA KAJECSICA.
  1222 | D:1      | 1222 ||| DROPPING scroll of butterflies.
  1223 | D:1      | 1223 ||| DROPPING potion of brilliance.
  1274 | D:2      | Found a glowing golden altar of the Shining One.
  1372 | D:2      | Reached skill level 7 in Ranged Weapons
  1381 | D:2      | HP: 5/20 [poisoned by an adder]
  1656 | D:2      | Reached XP level 4. HP: 25/25 MP: 6/6
  1669 | D:2      | Reached skill level 8 in Ranged Weapons
  2089 | D:2      | 2089 ||| DROPPING ring of magical power.
  2090 | D:2      | 2090 ||| READING scroll of identify.
  2090 | D:2      | 2090 ||| IDENTIFYING murky red potion
  2287 | D:3      | 2287 ||| FLEEEEING.
  2288 | D:3      | 2288 ||| FLEEEEING.
  2289 | D:3      | 2289 ||| FLEEEEING.
  2290 | D:3      | 2290 ||| FLEEEEING.
  2291 | D:3      | 2291 ||| FLEEEEING.
  2322 | D:3      | Reached XP level 5. HP: 29/29 MP: 7/7
  2541 | D:3      | Found a basalt altar of Yredelemnul.
  2625 | D:3      | 2625 ||| UPGRADING to +0 cloak.
  2630 | D:3      | 2630 ||| DROPPING ring of wizardry.
  2631 | D:3      | 2631 ||| DRINKING 2 grey potions.
  2650 | D:4      | 2650 ||| STAIRDANCE
  2786 | D:4      | Reached skill level 9 in Ranged Weapons
  2943 | D:4      | Reached XP level 6. HP: 35/35 MP: 8/8
  3012 | D:4      | 3012 ||| RETREEEEATING.
  3017 | D:4      | Reached skill level 10 in Ranged Weapons
  3034 | D:4      | Reached skill level 3 in Dodging
  3105 | D:4      | 3105 ||| UPGRADING to +1 ring mail of fire resistance.
  3115 | D:4      | 3115 ||| DROPPING +0 ring mail.
  3116 | D:4      | 3116 ||| READING scroll of identify.
  3116 | D:4      | 3116 ||| IDENTIFYING viscous purple potion
  3117 | D:4      | 3117 ||| DROPPING potion of invisibility.
  3137 | D:4      | Reached skill level 1 in Armour
  3798 | D:4      | Found a shadowy altar of Dithmenos.
  3800 | D:4      | Found an opulent altar of Gozag.
  3803 | D:4      | Found a glowing golden altar of the Shining One.
  3804 | D:4      | Found a white marble altar of Elyvilon.
  3804 | D:4      | Found a shimmering altar of Xom.
  3804 | D:4      | Found an ancient bone altar of Kikubaaqudgha.
  3804 | D:4      | Found a sparkling altar of Nemelex Xobeh.
  3805 | D:4      | Found a blossoming altar of Fedhas.
  3806 | D:4      | Found a hazy altar of Hepliaklqana.
  3809 | D:4      | Found a radiant altar of Vehumet.
  3914 | D:4      | 3914 ||| READING 2 scrolls of identify.
  3914 | D:4      | 3914 ||| IDENTIFYING red potion
  3915 | D:4      | 3915 ||| READING scroll of identify.
  3915 | D:4      | 3915 ||| IDENTIFYING bubbling amethyst potion
  3916 | D:4      | 3916 ||| DROPPING potion of attraction.
  3917 | D:4      | 3917 ||| DROPPING potion of magic.
  3935 | D:5      | Entered Level 5 of the Dungeon
  4021 | D:5      | HP: 6/35 [black bear (5)]
  4021 | D:5      | HP: 1/35 [black bear (4)]
  4022 | D:5      | 4022 ||| READING 2 scrolls of teleportation.
  4023 | D:5      | Slain by a black bear

Levels and vault maps discovered:
D:1:      lightli_arrival_flooded_house, layout_loops_corners,
          nicolae_shop_unique_rings, chequers_big_river
D:2:      minmay_alternating_diamond, layout_basic, basic_altar,
          nicolae_elevator_lobby_asterisk
D:3:      layout_rooms, mainiacjoe_overflow_six_doors_small
D:4:      layout_basic, minitemple, minmay_puff
D:5:      layout_rooms, mainiacjoe_overflow_24_doors,
          minmay_temple_entry_poolview, serial_shops, nicolae_shop_tiny_glass,
          hangedman_abyss_or_decor_passed, columned_hall_lemuel, uniq_edmund

Skill      XL: |  1  2  3  4  5  6 |
---------------+-------------------+-----
Ranged Weapons | 6 7 8 9 10 | 10.1
Fighting       | 2 |  2.0
Dodging        | 3 |  3.7
Armour         | 1 |  1.0
Stealth        | |  1.2

Action                     |  1- 3 |  4- 6 || total
---------------------------+-------+-------++-------
   Fire: Shortbow          |    88 |   215 ||   303
    Use: Scroll            |     8 |     5 ||    13
         Potion            |       |     1 ||     1
 Armour: Leather armour    |    14 |       ||    14
         Ring mail         |    19 |    87 ||   106
  Dodge: Dodged            |    24 |    76 ||   100

Table legend:
 A = Non-vault XP
 B = Vault XP
 C = Vault XP percentage of total XP
 D = Non-vault monster count
 E = Vault monster count
 F = Vault count percentage of total count
                 A         B        C        D         E       F
            +---------+---------+-------+---------+---------+-------
      Total |     712 |      13 |   1.8 |      84 |       7 |   7.7
            +---------+---------+-------+---------+---------+-------
        D:1 |      42 |       0 |   0.0 |      24 |       0 |   0.0
        D:2 |     118 |       8 |   6.3 |      19 |       4 |  17.4
        D:3 |      54 |       0 |   0.0 |      21 |       0 |   0.0
        D:4 |     461 |       5 |   1.1 |      19 |       3 |  13.6
        D:5 |      37 |       0 |   0.0 |       1 |       0 |   0.0
            +---------+---------+-------+---------+---------+-------
